 Dungeon Crawl Stone Soup version 0.28-a0-447-g1f95980246 (webtiles) character file.

Game seed: 11442980813620893729

7809 sleeves the Geomancer (level 11, -3/68 HPs)
             Began as a Human Earth Elementalist on Sept 13, 2021.
             Was a Believer of Sif Muna.
             Slain by a gargoyle (9 damage)
             ... on level 10 of the Dungeon.
             The game lasted 00:24:38 (12159 turns).

sleeves the Geomancer (Human Earth Elementalist)   Turns: 12159, Time: 00:24:38

Health: -3/68      AC:  7    Str:  9    XL:     11   Next: 44%
Magic:  2/23       EV: 12    Int: 18    God:    Sif Muna [**....]
Gold:   583        SH:  0    Dex: 14    Spells: 16/26 levels left

rFire   . . .      SeeInvis .   k - +1 spear (venom)
rCold   . . .      Faith    .   (no shield)
rNeg    . . .      Spirit   .   b - +0 robe
rPois   .          Reflect  .   (no helmet)
rElec   .          Harm     .   B - +0 cloak
rCorr   .          Rampage  .   q - +2 pair of gloves
Will    .....                   l - +0 pair of boots
Stlth   ++........              j - amulet of regeneration
HPRegen 1.21/turn               (no ring)
MPRegen 0.18/turn               (no ring)

@: no status effects
A: no striking features
a: Renounce Religion, Channel Magic


You were on level 10 of the Dungeon.
You worshipped Sif Muna.
Sif Muna was pleased with you.
You visited 1 branch of the dungeon, and saw 10 of its levels.

You collected 583 gold pieces.

Inventory:

Hand Weapons
 k - a +1 spear of venom (weapon)
   (You took it off a gnoll sergeant on level 9 of the Dungeon)
 v - a +1 short sword of freezing
   (You took it off a kobold on level 6 of the Dungeon)
Missiles
 c - 234 stones
Armour
 b - a +0 robe (worn)
 l - a +0 pair of boots (worn)
   (You found it on level 2 of the Dungeon)
 q - a +2 pair of gloves (worn)
   (You found it on level 4 of the Dungeon)
 B - a +0 cloak (worn)
   (You found it on level 9 of the Dungeon)
Jewellery
 j - an amulet of regeneration (around neck)
   (You found it on level 2 of the Dungeon)
 x - a ring of fire
   (You found it on level 7 of the Dungeon)
 A - a ring of fire
   (You found it on level 9 of the Dungeon)
Wands
 o - a wand of flame (37)
   (You took it off a hobgoblin on level 3 of the Dungeon)
Scrolls
 a - a scroll of magic mapping
 d - 3 scrolls of immolation
 e - 6 scrolls of teleportation
 f - a scroll of enchant armour {unknown}
 g - 3 scrolls of blinking
 i - 2 scrolls of fear {unknown}
 n - 2 scrolls of enchant weapon {unknown}
 r - a scroll of fog
 u - a scroll of summoning
 w - 3 scrolls of amnesia
 y - 3 scrolls of vulnerability {unknown}
Potions
 h - 4 potions of curing
 m - a potion of brilliance {unknown}
 p - a potion of flight {unknown}
 s - a potion of magic {unknown}
 t - a potion of mutation {unknown}
 z - a potion of resistance {unknown}


   Skills:
 - Level 2.0 Dodging
 - Level 2.0 Stealth
 + Level 8.3 Spellcasting
 + Level 8.7 Conjurations
 + Level 2.2 Transmutations
 + Level 11.7 Earth Magic


You had 16 spell levels left.
You knew the following spells:

 Your Spells              Type           Power      Damage    Failure   Level
a - Sandblast             Erth           98%        2d20      1%          1
b - Stone Arrow           Conj/Erth      88%        3d12      1%          3
c - Passwall              Tmut/Erth      26%        N/A       1%          2
d - Passage of Golubria   Tloc           N/A        N/A       67%         4

Your spell library contained the following spells:

 Spells                   Type           Power      Damage    Failure   Level
 Petrify                  Tmut/Erth      32%        N/A       5%          4
 Tukima's Dance           Hex            7%         N/A       28%         3
 Yara's Violent Unravell  Hex/Tmut       5%         3d4       86%         5


Dungeon Overview and Level Annotations

Branches:
Dungeon (10/15)            Temple (0/1) D:5            Lair (0/6) D:9
    Orc (0/2) D:9

Altars:
Elyvilon
Kikubaaqudgha
Sif Muna
Uskayaw
The Shining One


Message History

Aim: a yak (almost dead, 84% to hit)
The stone arrow hits the yak!!
You kill the yak!
Sif Muna accepts your kill.
A wraith comes into view.
A wraith is nearby!
A wraith is nearby!
A wraith is nearby!
There is a stone staircase leading up here.
You climb upwards.
There is a stone staircase leading down here.
You start resting.
Magic restored.
You climb downwards.
The wraith hits you but does no damage.
There is a stone staircase leading up here.
A wraith is nearby!
A wraith is nearby!
A wraith is nearby!
Casting: Stone Arrow (safe; 1% risk of failure)
Confirm with . or Enter, or press ? or * to list all spells.
Aiming: Stone Arrow (safe; 1% risk of failure)
Press: ? - help, Shift-Dir - straight line, f - wraith
Aim: a wraith (74% to hit)
The stone arrow misses the wraith.
The wraith hits you. The wraith drains your vigour!
You feel yourself slow down.
Casting: Stone Arrow (safe; 1% risk of failure)
Confirm with . or Enter, or press ? or * to list all spells.
Aiming: Stone Arrow (safe; 1% risk of failure)
Press: ? - help, Shift-Dir - straight line, f/p - wraith
Aim: a wraith (74% to hit)
The stone arrow hits the wraith!
The wraith is heavily damaged.
The wraith hits you. The wraith barely misses you.
Casting: Stone Arrow (safe; 1% risk of failure)
Confirm with . or Enter, or press ? or * to list all spells.
Aiming: Stone Arrow (safe; 1% risk of failure)
Press: ? - help, Shift-Dir - straight line, f/p - wraith
Aim: a wraith (heavily damaged, 74% to hit)
The stone arrow hits the wraith!
The wraith is severely damaged.
The wraith barely misses you.
Casting: Stone Arrow (safe; 1% risk of failure)
Confirm with . or Enter, or press ? or * to list all spells.
Aiming: Stone Arrow (safe; 1% risk of failure)
Press: ? - help, Shift-Dir - straight line, f/p - wraith
Aim: a wraith (severely damaged, 74% to hit)
The stone arrow hits the wraith!
You destroy the wraith!
Sif Muna accepts your kill.
Your Earth Magic skill increases to level 11!
HP restored.
You feel yourself speed up.
A bullfrog comes into view.
A bullfrog is nearby!
A bullfrog is nearby!
A bullfrog is nearby!
Casting: Stone Arrow (safe; 1% risk of failure)
Confirm with . or Enter, or press ? or * to list all spells.
Aiming: Stone Arrow (safe; 1% risk of failure)
Press: ? - help, Shift-Dir - straight line, f - bullfrog
Aim: a bullfrog (70% to hit)
The stone arrow hits the bullfrog!
The bullfrog is severely wounded.
A bullfrog is nearby!
A bullfrog is nearby!
A bullfrog is nearby!
The blast of sand hits the bullfrog!!
You kill the bullfrog!
Sif Muna accepts your kill.
A water moccasin comes into view.
A water moccasin is nearby!
A water moccasin is nearby!
A water moccasin is nearby!
You climb upwards.
There is a stone staircase leading down here.
You start resting.
Magic restored.
Unknown command.
There is a stone staircase leading down, spattered with blood here.
You climb downwards.
There is a stone staircase leading up here.
You now have 429 gold pieces (gained 12).
As you open the door, it creaks loudly!
Found a stone staircase leading down.
There is an open door here.
A bullfrog comes into view.
A bullfrog is nearby!
A bullfrog is nearby!
A bullfrog is nearby!
Unknown command.
The blast of sand hits the bullfrog!!
You kill the bullfrog!
Sif Muna accepts your kill.
You can't see any susceptible monsters within range! (Use Z to cast anyway.) Magic restored.
B - a +0 cloak You start putting on your armour.
You continue putting on your +0 cloak. x4
You finish putting on your +0 cloak.
As you read the scroll labelled HYOCKEXELY, it crumbles to dust.
It is a scroll of identify.
f - 3 scrolls of noise
As you read the scroll of identify, it crumbles to dust.
w - 3 scrolls of amnesia
As you read the scroll of identify, it crumbles to dust.
g - 3 scrolls of blinking
As you read the scroll of identify, it crumbles to dust.
h - 4 potions of curing
As you read the scroll of identify, it crumbles to dust.
d - 3 scrolls of immolation
As you read the scroll of identify, it crumbles to dust.
a - a scroll of magic mapping
As you read the scroll of identify, it crumbles to dust.
u - a scroll of summoning
Okay, then.
Unknown command.
Drop what? 27/52 slots (_ for help) (? for menu, Esc to quit)
You drop 3 scrolls of noise.
Drop what? 26/52 slots (_ for help) (? for menu, Esc to quit)
Okay, then.
There is a stone staircase leading down here.
y - 2 scrolls labelled VOEGEM HIFEA (gained 1)
You open the door.
There is an open door here.
c - 230 stones (gained 19)
There is an open door here.
You open the door.
There is an open door here.
A yak is nearby!
A yak is nearby!
Casting: Sandblast (safe; 1% risk of failure)
Confirm with . or Enter, or press ? or * to list all spells.
Aiming: Stone Arrow (safe; 1% risk of failure)
Press: ? - help, Shift-Dir - straight line, f - yak
Aim: a yak (85% to hit)
The stone arrow hits the yak!!
The yak is heavily wounded.
Casting: Stone Arrow (safe; 1% risk of failure)
Confirm with . or Enter, or press ? or * to list all spells.
Aiming: Stone Arrow (safe; 1% risk of failure)
Press: ? - help, Shift-Dir - straight line, f/p - yak
Aim: a yak (heavily wounded, 85% to hit)
The stone arrow hits the yak!!
You kill the yak!
Sif Muna accepts your kill.
Casting: Stone Arrow (safe; 1% risk of failure)
Confirm with . or Enter, or press ? or * to list all spells.
You can't see any susceptible monsters within range! (Use Z to cast anyway.) Unknown command.
A bullfrog comes into view.
A bullfrog is nearby!
A bullfrog is nearby!
A bullfrog is nearby!
The bullfrog hits the plant.
The plant begins to die.
The blast of sand hits the bullfrog!!
You kill the bullfrog!
Sif Muna accepts your kill.
You can't see any susceptible monsters within range! (Use Z to cast anyway.)
A nearby plant withers and dies.
A wight comes into view.
It is wielding a +2 battleaxe of flaming.
A wight is nearby!
A wight is nearby!
A wight is nearby!
No target in view!
A wight comes into view. It is wielding a +0 battleaxe.
A wight is nearby!
You see here 16 arrows.
Casting: Sandblast (safe; 1% risk of failure)
Confirm with . or Enter, or press ? or * to list all spells.
Aiming: Stone Arrow (safe; 1% risk of failure)
Press: ? - help, Shift-Dir - straight line, f - wight
Aim: a wight, wielding a +2 battleaxe of flaming and wearing a +0 robe (wandering, hasn't noticed you, 76% to hit)
The stone arrow hits the wight!!
You destroy the wight!
Sif Muna accepts your kill.
Casting: Stone Arrow (safe; 1% risk of failure)
Confirm with . or Enter, or press ? or * to list all spells.
Aiming: Stone Arrow (safe; 1% risk of failure)
Press: ? - help, Shift-Dir - straight line, f - wight
Aim: a wight, wielding a +0 battleaxe and wearing a +0 robe (76% to hit)
The stone arrow hits the wight!
You destroy the wight!
Sif Muna accepts your kill.
A white ugly thing comes into view.
Found 62 gold pieces.
The white ugly thing gurgles horribly!
A wight comes into view. It is wielding a +2 morningstar.
There is a stone staircase leading up here.
Casting: Stone Arrow (safe; 1% risk of failure)
Confirm with . or Enter, or press ? or * to list all spells.
Aiming: Stone Arrow (safe; 1% risk of failure)
Press: ? - help, Shift-Dir - straight line, f - white ugly thing
Aim: a white ugly thing (76% to hit)
The stone arrow hits the white ugly thing!
The white ugly thing is lightly wounded.
You climb upwards.
There is a stone staircase leading down, spattered with blood here.
There is a stone staircase leading down here.
You climb downwards.
There is a stone staircase leading up here.
A water moccasin is nearby!
Casting: Stone Arrow (safe; 1% risk of failure)
Confirm with . or Enter, or press ? or * to list all spells.
Aiming: Stone Arrow (safe; 1% risk of failure)
Press: ? - help, Shift-Dir - straight line, f - water moccasin
Aim: a water moccasin (60% to hit)
The stone arrow misses the water moccasin.
Casting: Stone Arrow (safe; 1% risk of failure)
Confirm with . or Enter, or press ? or * to list all spells.
Aiming: Stone Arrow (safe; 1% risk of failure)
Press: ? - help, Shift-Dir - straight line, f/p - water moccasin
Aim: a water moccasin (60% to hit)
The stone arrow hits the water moccasin!!
The water moccasin is almost dead.
Casting: Stone Arrow (safe; 1% risk of failure)
Confirm with . or Enter, or press ? or * to list all spells.
Aiming: Stone Arrow (safe; 1% risk of failure)
Press: ? - help, Shift-Dir - straight line, f/p - water moccasin
Aim: a water moccasin (almost dead, 60% to hit)
The stone arrow misses the water moccasin.
The water moccasin bites you.
The water moccasin bites you but does no damage.
Casting: Stone Arrow (safe; 1% risk of failure)
Confirm with . or Enter, or press ? or * to list all spells.
Aiming: Stone Arrow (safe; 1% risk of failure)
Press: ? - help, Shift-Dir - straight line, f/p - water moccasin
Aim: a water moccasin (almost dead, 60% to hit)
The stone arrow hits the water moccasin!!
You kill the water moccasin!
Sif Muna accepts your kill.
You have reached level 11!
You start resting.
HP restored.
You start resting.
Magic restored.
Memorise Passwall, consuming 2 spell levels and leaving 19?
You start memorising the spell.
You continue memorising. x2
You finish memorising.
Spell assigned to 'c'.
Unknown command.
There is a staircase to the Orcish Mines here.
Found a stone staircase leading down.
A gnoll sergeant comes into view. It is wielding a +1 spear of venom.
A gnoll sergeant is nearby!
e - 6 scrolls of teleportation (gained 3)
You see here a scroll of identify.
A gnoll sergeant is nearby!
Casting: Stone Arrow (safe; 1% risk of failure)
Confirm with . or Enter, or press ? or * to list all spells.
Aiming: Stone Arrow (safe; 1% risk of failure)
Press: ? - help, Shift-Dir - straight line, f - gnoll sergeant
Aim: a gnoll sergeant, wielding a +1 spear of venom and wearing a +0 ring mail (wandering, hasn't noticed you, 82% to hit)
The stone arrow hits the gnoll sergeant.
The gnoll sergeant is lightly wounded.
Casting: Stone Arrow (safe; 1% risk of failure)
Confirm with . or Enter, or press ? or * to list all spells.
Aiming: Stone Arrow (safe; 1% risk of failure)
Press: ? - help, Shift-Dir - straight line, f/p - gnoll sergeant
Aim: a gnoll sergeant, wielding a +1 spear of venom and wearing a +0 ring mail (lightly wounded, 82% to hit)
The stone arrow hits the gnoll sergeant!!
The gnoll sergeant is almost dead.
A gnoll sergeant is nearby!
The blast of sand hits the gnoll sergeant!!
You kill the gnoll sergeant!
Sif Muna accepts your kill.
f - a scroll of identify
Things that are here:
a +1 spear of venom; a +0 ring mail
k - a +1 spear of venom Your +1 short sword of freezing stops glowing.
Your +1 spear of venom begins to drip with poison!
k - a +1 spear of venom (weapon)
Drop what? 28/52 slots (_ for help) (? for menu, Esc to quit)
You drop a +4 war axe.
As you read the scroll of identify, it crumbles to dust.
r - a scroll of fog You open the door.
An orc priest and an orc wizard come into view.
The orc priest looks encouraged for a moment.
You can't see any susceptible monsters within range! (Use Z to cast anyway.)
Casting: Sandblast (safe; 1% risk of failure)
Confirm with . or Enter, or press ? or * to list all spells.
Aiming: Stone Arrow (safe; 1% risk of failure)
Press: ? - help, Shift-Dir - straight line, f - orc priest
Aim: an orc priest, wielding a +0 flail and wearing a +0 leather armour (76% to hit)
The stone arrow hits the orc priest!
The orc priest is almost dead.
You hear a shout! x2
An orc, an orc priest and an orc wizard come into view.
Found a scroll labelled UFIPLU BIM AVA.
The orc priest shouts!
The orc wizard shouts!
You hear a shout! x3
There is an open door here.
Casting: Stone Arrow (safe; 1% risk of failure)
Confirm with . or Enter, or press ? or * to list all spells.
Aiming: Stone Arrow (safe; 1% risk of failure)
Press: ? - help, Shift-Dir - straight line, f/p - orc priest
Aim: an orc priest, wielding a +0 flail and wearing a +0 leather armour (almost dead, 76% to hit)
The stone arrow hits the orc priest!
You kill the orc priest!
Sif Muna accepts your kill.
The orc shouts!
The orc wizard shouts!
The orc wizard gestures at you while chanting.
You are confused.
You're too confused to cast spells.
Unknown command.
The orc wizard gestures wildly while chanting.
The orc wizard flickers and vanishes!
Deactivating autopickup; reactivate with Ctrl-A.
The orc priest looks encouraged for a moment.
The orc priest casts a cantrip, but nothing happens.
The orc wizard casts a spell at you. The magic dart hits you!
You feel less confused.
You see here a +4 war axe.
Casting: Stone Arrow (safe; 1% risk of failure)
Confirm with . or Enter, or press ? or * to list all spells.
Aiming: Stone Arrow (safe; 1% risk of failure)
Press: ? - help, Shift-Dir - straight line, f - orc wizard
Aim: an orc wizard, wielding a +0 dagger and wearing a +0 robe (70% to hit)
The stone arrow misses the orc wizard.
Casting: Stone Arrow (safe; 1% risk of failure)
Confirm with . or Enter, or press ? or * to list all spells.
Aiming: Stone Arrow (safe; 1% risk of failure)
Press: ? - help, Shift-Dir - straight line, f - orc priest, p - orc wizard
Aim: an orc priest, wielding a +0 hand axe (76% to hit)
The stone arrow hits the orc priest!!
You kill the orc priest!
Sif Muna accepts your kill.
The orc wizard hits you but does no damage.
Unknown command.
The blast of sand hits the orc wizard!!
You kill the orc wizard!
Sif Muna accepts your kill.
A magic dart appears from out of thin air!
The magic dart hits you.
You can't see any susceptible monsters within range! (Use Z to cast anyway.) Reach: k) +1 spear (venom)
Press: ? - help, Dir - move target You reach to attack!
You completely miss something. You closely miss something. Something hits you.
You closely miss something. Something barely misses you.
The orc hits you but does no damage. Something hits you.
You completely miss the orc. The orc hits you but does no damage.
Something hits you. The orc closely misses you.
You hit the orc.
The orc is poisoned.
The orc is almost dead.
Something hits you. The orc hits you with a +0 whip.
You closely miss something.
You kill the orc!
Sif Muna accepts your kill. Something hits you.
You barely miss something.
You hear some strange, mumbled words.
A magic dart appears from out of thin air!
The magic dart hits you.
You hit something but do no damage.
You hear some strange, mumbled words.
You are confused.
You barely miss something. Something hits you but does no damage.
Something hits you but does no damage. Something hits you but does no damage.
Things that are here:
a +0 dagger; a +0 robe You bump into the metal wall.
Something hits you but does no damage. Something hits you but does no damage.
You see here a +0 whip.
You feel less confused. Something hits you but does no damage.
Things that are here:
a +0 dagger; a +0 robe You hear some strange, mumbled words.
Something tries to affect you, but you resist.
You see here a +0 whip.
You hear some strange, mumbled words.
A puff of flame appears from out of thin air!
The puff of flame hits you.
Things that are here:
a +0 dagger; a +0 robe Something hits you but does no damage.
You hit something but do no damage. Sif Muna accepts your kill.
Reactivating autopickup.
You feel a bit more experienced.
Items here: )) [ †.
Things that are here:
a +0 dagger; a +0 robe
There is a stone staircase leading down here.
You start resting.
HP restored.
You climb downwards.
There is a stone staircase leading up here.
You climb upwards.
There is a stone staircase leading down here.
You start resting.
Magic restored.
Things that are here:
a +0 robe; a +0 dagger
There is an open door, spattered with blood here.
You see here a +0 hand axe.
Things that are here:
a +0 leather armour; a +0 flail; an orc corpse
Found a club.
A gnoll sergeant comes into view. It is wielding a +0 spear.
A gnoll sergeant is nearby!
The gnoll sergeant shouts!
You hear a shout! x4
You can't see any susceptible monsters within range! (Use Z to cast anyway.)
Casting: Sandblast (safe; 1% risk of failure)
Confirm with . or Enter, or press ? or * to list all spells.
Aiming: Stone Arrow (safe; 1% risk of failure)
Press: ? - help, Shift-Dir - straight line, f - gnoll sergeant
Aim: a gnoll sergeant, wielding a +0 spear, wearing a +0 ring mail and wearing a +0 kite shield (85% to hit)
The gnoll sergeant blocks the stone arrow.
Casting: Stone Arrow (safe; 1% risk of failure)
Confirm with . or Enter, or press ? or * to list all spells.
Aiming: Stone Arrow (safe; 1% risk of failure)
Press: ? - help, Shift-Dir - straight line, f/p - gnoll sergeant
Aim: a gnoll sergeant, wielding a +0 spear, wearing a +0 ring mail and wearing a +0 kite shield (85% to hit)
The gnoll sergeant blocks the stone arrow.
A gnoll comes into view. It is wielding a +0 halberd.
A gnoll comes into view. It is wielding a +0 whip.
Things that are here:
a +0 leather armour; a +0 flail; an orc corpse
Casting: Stone Arrow (safe; 1% risk of failure)
Confirm with . or Enter, or press ? or * to list all spells.
Aiming: Stone Arrow (safe; 1% risk of failure)
Press: ? - help, Shift-Dir - straight line, f/p - gnoll sergeant
Aim: a gnoll sergeant, wielding a +0 spear, wearing a +0 ring mail and wearing a +0 kite shield (85% to hit)
The stone arrow misses the gnoll sergeant.
The gnoll sergeant barely misses you.
There is an open door, spattered with blood here.
You see here a +0 hand axe.
Casting: Stone Arrow (safe; 1% risk of failure)
Confirm with . or Enter, or press ? or * to list all spells.
Aiming: Stone Arrow (safe; 1% risk of failure)
Press: ? - help, Shift-Dir - straight line, f/p - gnoll sergeant
Aim: a gnoll sergeant, wielding a +0 spear, wearing a +0 ring mail and wearing a +0 kite shield (85% to hit)
The stone arrow misses the gnoll sergeant.
The stone arrow hits the gnoll!
You kill the gnoll!
Sif Muna accepts your kill.
The gnoll sergeant hits you from afar with a +0 spear!
Things that are here:
a +0 robe; a +0 dagger
There is a stone staircase leading up here.
Casting: Stone Arrow (safe; 1% risk of failure)
Confirm with . or Enter, or press ? or * to list all spells.
Aiming: Stone Arrow (safe; 1% risk of failure)
Press: ? - help, Shift-Dir - straight line, f/p - gnoll sergeant
Aim: a gnoll sergeant, wielding a +0 spear, wearing a +0 ring mail and wearing a +0 kite shield (85% to hit)
You miscast Stone Arrow.
You are very lightly contaminated with residual magic.
Nothing appears to happen.
Casting: Stone Arrow (safe; 1% risk of failure)
Confirm with . or Enter, or press ? or * to list all spells.
Aiming: Stone Arrow (safe; 1% risk of failure)
Press: ? - help, Shift-Dir - straight line, f/p - gnoll sergeant
Aim: a gnoll sergeant, wielding a +0 spear, wearing a +0 ring mail and wearing a +0 kite shield (85% to hit)
The stone arrow hits the gnoll sergeant!
The gnoll sergeant is severely wounded.
The gnoll sergeant hits you from afar with a +0 spear.
Casting: Stone Arrow (safe; 1% risk of failure)
Confirm with . or Enter, or press ? or * to list all spells.
Aiming: Stone Arrow (safe; 1% risk of failure)
Press: ? - help, Shift-Dir - straight line, f/p - gnoll sergeant
Aim: a gnoll sergeant, wielding a +0 spear, wearing a +0 ring mail and wearing a +0 kite shield (severely wounded, 85% to hit)
The stone arrow hits the gnoll sergeant!!
You kill the gnoll sergeant!
Sif Muna accepts your kill.
Your Conjurations skill increases to level 8!
Casting: Stone Arrow (safe; 1% risk of failure)
Confirm with . or Enter, or press ? or * to list all spells.
Aiming: Stone Arrow (safe; 1% risk of failure)
Press: ? - help, Shift-Dir - straight line, f - gnoll
Aim: a gnoll, wielding a +0 whip (79% to hit)
The stone arrow hits the gnoll!!
You kill the gnoll!
Sif Muna accepts your kill.
* * * LOW MAGIC WARNING * * *
HP restored.
Your magical contamination has completely faded away.
A gnoll comes into view. It is wielding a +0 halberd.
A gnoll is nearby!
A gnoll is nearby!
A gnoll is nearby!
The gnoll shouts!
The blast of sand hits the gnoll!
You kill the gnoll!
Sif Muna accepts your kill.
* * * LOW MAGIC WARNING * * *
A gnoll comes into view. It is wielding a +0 whip.
A gnoll is nearby!
A gnoll is nearby!
A gnoll is nearby!
No target in view!
A gnoll is nearby!
A gnoll is nearby!
A gnoll is nearby!
A gnoll is nearby!
The blast of sand hits the gnoll!
You kill the gnoll!
Sif Muna accepts your kill.
No target in view!
No target in view!
Key pressed, stopping explore.
There is an open door here.
Things that are here:
a +0 whip; a gnoll corpse
Things that are here:
a +0 whip; a gnoll corpse
Items here: ) [[ †.
Things that are here:
a +0 halberd; a gnoll corpse You open the door.
There is an open door here.
Things that are here:
a +0 robe; a +0 dagger
There is an open door, spattered with blood here.
You see here a +0 hand axe.
Things that are here:
a +0 leather armour; a +0 flail; an orc skeleton You see here a +0 halberd.
f - a scroll labelled UFIPLU BIM AVA As you open the door, it creaks loudly!
There is an open door here.
You see here a +0 club.
You open the door.
A wyvern comes into view.
There is an open door here.
The blast of sand hits the wyvern!!
You kill the wyvern!
Sif Muna accepts your kill.
Unknown command.
There is an open door here.
There is an open door here.
You see here a +0 halberd.
Things that are here:
a +0 leather armour; a +0 flail; an orc skeleton
There is an open door, spattered with blood here.
You see here a +0 hand axe.
Found a +0 robe.
A wight is nearby!
A wight is nearby!
Found a staircase to the Lair.
The blast of sand misses the wight.
The blast of sand hits the wight.
The wight is moderately damaged.
The wight hits you with a +2 morningstar.
You feel drained.
The blast of sand hits the wight.
The wight is heavily damaged.
The wight misses you.
Casting: Sandblast (safe; 1% risk of failure)
Confirm with . or Enter, or press ? or * to list all spells.
Aiming: Stone Arrow (safe; 1% risk of failure)
Press: ? - help, Shift-Dir - straight line, f/p - wight
Aim: a wight, wielding a +2 morningstar and wearing a +0 scale mail (heavily damaged, 79% to hit)
The stone arrow hits the wight!
You destroy the wight!
Sif Muna accepts your kill.
Your life force feels restored.
Things that are here:
a +2 morningstar; a +0 scale mail
Things that are here:
a +0 robe; a +0 battleaxe
Found 32 gold pieces.
Found a glowing golden altar of the Shining One.
There is an open door here.
Things that are here:
a scroll of noise; a +0 robe; a +2 battleaxe of flaming You open the door.
There is an open door here.
You now have 441 gold pieces (gained 12).
You now have 457 gold pieces (gained 16).
You now have 474 gold pieces (gained 17).
You now have 491 gold pieces (gained 17).
You now have 508 gold pieces (gained 17).
You now have 523 gold pieces (gained 15).
You now have 533 gold pieces (gained 10).
You now have 545 gold pieces (gained 12).
You now have 555 gold pieces (gained 10).
There is a glowing golden altar of the Shining One here.
There is an open door here.
c - 243 stones (gained 22)
You open the door.
There is an open door here.
There is an open door here.
You open the door.
There is an open door here.
There is a staircase to the Lair here.
Found a glowing trident.
You see here a +0 trident of freezing.
There is an open door here.
There is an open door here.
y - 3 scrolls labelled VOEGEM HIFEA (gained 1)
You now have 564 gold pieces (gained 9).
A white ugly thing is nearby!
A white ugly thing is nearby!
(D) Dungeon (T) Temple (L) Lair (O) Orcish Mines
Where to? (Enter - D:8 @ (x,y), ? - help)
You see here a +0 whip.
Things that are here:
a +0 robe; a +0 dagger
There is a stone staircase leading down here.
You climb downwards.
There is a stone staircase leading up here.
You can't see any susceptible monsters within range! (Use Z to cast anyway.)
You can't see any susceptible monsters within range! (Use Z to cast anyway.)
You can't see any susceptible monsters within range! (Use Z to cast anyway.)
You climb upwards.
There is a stone staircase leading down here.
There is an open door here.
There is a stone staircase leading down here.
You climb downwards.
There is a stone staircase leading up here.
You can't see any susceptible monsters within range! (Use Z to cast anyway.)
Casting: Stone Arrow (safe; 1% risk of failure)
Confirm with . or Enter, or press ? or * to list all spells.
Aiming: Stone Arrow (safe; 1% risk of failure)
Press: ? - help, Shift-Dir - straight line, f - centaur
Aim: a centaur, quivering arrows (asleep, 100% to hit)
The stone arrow hits the centaur!
The centaur is heavily wounded.
The centaur shouts!
The centaur wields a +0 shortbow.
The centaur shoots an arrow.
The arrow hits you.
Casting: Stone Arrow (safe; 1% risk of failure)
Confirm with . or Enter, or press ? or * to list all spells.
Aiming: Stone Arrow (safe; 1% risk of failure)
Press: ? - help, Shift-Dir - straight line, f/p - centaur
Aim: a centaur, wielding a +0 shortbow and quivering arrows (heavily wounded, 85% to hit)
The stone arrow hits the centaur!
You kill the centaur!
Sif Muna accepts your kill.
HP restored.
A human comes into view. It is wielding a +0 mace.
A human is nearby!
A human is nearby!
A human is nearby!
Casting: Stone Arrow (safe; 1% risk of failure)
Confirm with . or Enter, or press ? or * to list all spells.
Aiming: Stone Arrow (safe; 1% risk of failure)
Press: ? - help, Shift-Dir - straight line, f - human
Aim: a human, wielding a +0 mace and wearing a +0 leather armour (wandering, hasn't noticed you, 67% to hit)
The stone arrow hits the human!!
The human is severely wounded.
The human shouts!
Casting: Stone Arrow (safe; 1% risk of failure)
Confirm with . or Enter, or press ? or * to list all spells.
Aiming: Stone Arrow (safe; 1% risk of failure)
Press: ? - help, Shift-Dir - straight line, f/p - human
Aim: a human, wielding a +0 mace and wearing a +0 leather armour (severely wounded, 67% to hit)
The stone arrow hits the human!
You kill the human!
Sif Muna accepts your kill.
A human comes into view. It is wielding a +0 club.
The human shouts!
Casting: Stone Arrow (safe; 1% risk of failure)
Confirm with . or Enter, or press ? or * to list all spells.
Aiming: Stone Arrow (safe; 1% risk of failure)
Press: ? - help, Shift-Dir - straight line, f - human
Aim: a human, wielding a +0 club and wearing a +0 animal skin (67% to hit)
The stone arrow hits the human!!
The human is heavily wounded.
Casting: Stone Arrow (safe; 1% risk of failure)
Confirm with . or Enter, or press ? or * to list all spells.
Aiming: Stone Arrow (safe; 1% risk of failure)
Press: ? - help, Shift-Dir - straight line, f/p - human
Aim: a human, wielding a +0 club and wearing a +0 animal skin (heavily wounded, 67% to hit)
The stone arrow hits the human!
You kill the human!
Sif Muna accepts your kill.
A centaur warrior zombie comes into view.
A centaur warrior zombie is nearby!
A centaur warrior zombie is nearby!
There is a stone staircase leading up here.
Casting: Stone Arrow (safe; 1% risk of failure)
Confirm with . or Enter, or press ? or * to list all spells.
Aiming: Stone Arrow (safe; 1% risk of failure)
Press: ? - help, Shift-Dir - straight line, f - centaur warrior zombie
Aim: a centaur warrior zombie (98% to hit)
The stone arrow hits the centaur warrior zombie!!
The centaur warrior zombie is moderately damaged.
Casting: Stone Arrow (safe; 1% risk of failure)
Confirm with . or Enter, or press ? or * to list all spells.
Aiming: Stone Arrow (safe; 1% risk of failure)
Press: ? - help, Shift-Dir - straight line, f/p - centaur warrior zombie
Aim: a centaur warrior zombie (moderately damaged, 98% to hit)
The stone arrow hits the centaur warrior zombie!!
The centaur warrior zombie is heavily damaged.
The centaur warrior zombie hits you but does no damage.
The centaur warrior zombie kicks you but does no damage.
Casting: Stone Arrow (safe; 1% risk of failure)
Confirm with . or Enter, or press ? or * to list all spells.
Aiming: Stone Arrow (safe; 1% risk of failure)
Press: ? - help, Shift-Dir - straight line, f/p - centaur warrior zombie
Aim: a centaur warrior zombie (heavily damaged, 98% to hit)
The stone arrow hits the centaur warrior zombie!
The centaur warrior zombie is severely damaged.
The centaur warrior zombie hits you but does no damage.
The centaur warrior zombie kicks you. The centaur warrior zombie hits you.
The centaur warrior zombie completely misses you.
Casting: Stone Arrow (safe; 1% risk of failure)
Confirm with . or Enter, or press ? or * to list all spells.
Aiming: Stone Arrow (safe; 1% risk of failure)
Press: ? - help, Shift-Dir - straight line, f/p - centaur warrior zombie
Aim: a centaur warrior zombie (severely damaged, 98% to hit)
The stone arrow hits the centaur warrior zombie!!
The centaur warrior zombie is almost destroyed.
The centaur warrior zombie hits you but does no damage.
The centaur warrior zombie completely misses you.
Casting: Stone Arrow (safe; 1% risk of failure)
Confirm with . or Enter, or press ? or * to list all spells.
Aiming: Stone Arrow (safe; 1% risk of failure)
Press: ? - help, Shift-Dir - straight line, f/p - centaur warrior zombie
Aim: a centaur warrior zombie (almost destroyed, 98% to hit)
The stone arrow hits the centaur warrior zombie!
You destroy the centaur warrior zombie!
Sif Muna accepts your kill.
Your Spellcasting skill increases to level 8!
Magic restored.
Found a stone staircase leading down.
Things that are here:
a +0 mace; a +0 leather armour
Things that are here:
a +0 shortbow; 16 arrows; a centaur corpse You now have 570 gold pieces (gained 6).
Things that are here:
a +0 club; a +0 animal skin
Found a stone staircase leading down.
t - a fuming inky potion
Found a robe.
A centaur zombie comes into view.
A centaur zombie is nearby!
A centaur zombie is nearby!
Casting: Stone Arrow (safe; 1% risk of failure)
Confirm with . or Enter, or press ? or * to list all spells.
Aiming: Stone Arrow (safe; 1% risk of failure)
Press: ? - help, Shift-Dir - straight line, f - centaur zombie
Aim: a centaur zombie (100% to hit)
The stone arrow hits the centaur zombie!
The centaur zombie is heavily damaged.
Casting: Stone Arrow (safe; 1% risk of failure)
Confirm with . or Enter, or press ? or * to list all spells.
Aiming: Stone Arrow (safe; 1% risk of failure)
Press: ? - help, Shift-Dir - straight line, f/p - centaur zombie
Aim: a centaur zombie (heavily damaged, 100% to hit)
The stone arrow hits the centaur zombie!
The centaur zombie is almost destroyed.
The centaur zombie hits you but does no damage.
The centaur zombie kicks you but does no damage.
Casting: Stone Arrow (safe; 1% risk of failure)
Confirm with . or Enter, or press ? or * to list all spells.
Aiming: Stone Arrow (safe; 1% risk of failure)
Press: ? - help, Shift-Dir - straight line, f/p - centaur zombie
Aim: a centaur zombie (almost destroyed, 100% to hit)
The stone arrow hits the centaur zombie!!
You destroy the centaur zombie!
Sif Muna accepts your kill.
Found a quarterstaff.
A two-headed ogre comes into view. It is wielding two +0 giant clubs.
A two-headed ogre is nearby!
Okay, then.
This spell is quite dangerous to cast!
Memorise Passage of Golubria, consuming 4 spell levels and leaving 16?
You start memorising the spell.
You continue memorising. x4
You finish memorising.
Spell assigned to 'd'.
Okay, then.
The two-headed ogre shouts in stereo!
Casting: Stone Arrow (safe; 1% risk of failure)
Confirm with . or Enter, or press ? or * to list all spells.
You can't see any susceptible monsters within range! (Use Z to cast anyway.) Unknown command.
There is a stone staircase leading up here.
Casting: Stone Arrow (safe; 1% risk of failure)
Confirm with . or Enter, or press ? or * to list all spells.
You can't see any susceptible monsters within range! (Use Z to cast anyway.) Unknown command.
Casting: Stone Arrow (safe; 1% risk of failure)
Confirm with . or Enter, or press ? or * to list all spells.
Aiming: Stone Arrow (safe; 1% risk of failure)
Press: ? - help, Shift-Dir - straight line, f - two-headed ogre
Aim: a two-headed ogre, wielding two +0 giant clubs (89% to hit)
The stone arrow hits the two-headed ogre!
The two-headed ogre is moderately wounded.
Casting: Stone Arrow (safe; 1% risk of failure)
Confirm with . or Enter, or press ? or * to list all spells.
Aiming: Stone Arrow (safe; 1% risk of failure)
Press: ? - help, Shift-Dir - straight line, f/p - two-headed ogre
Aim: a two-headed ogre, wielding two +0 giant clubs (moderately wounded, 89% to hit)
The stone arrow hits the two-headed ogre!
The two-headed ogre is heavily wounded.
Casting: Stone Arrow (safe; 1% risk of failure)
Confirm with . or Enter, or press ? or * to list all spells.
Aiming: Stone Arrow (safe; 1% risk of failure)
Press: ? - help, Shift-Dir - straight line, f/p - two-headed ogre
Aim: a two-headed ogre, wielding two +0 giant clubs (heavily wounded, 89% to hit)
The stone arrow hits the two-headed ogre!
The two-headed ogre is almost dead.
Casting: Stone Arrow (safe; 1% risk of failure)
Confirm with . or Enter, or press ? or * to list all spells.
Aiming: Stone Arrow (safe; 1% risk of failure)
Press: ? - help, Shift-Dir - straight line, f/p - two-headed ogre
Aim: a two-headed ogre, wielding two +0 giant clubs (almost dead, 89% to hit)
The stone arrow hits the two-headed ogre!!
You kill the two-headed ogre!
Sif Muna accepts your kill.
You can't see any susceptible monsters within range! (Use Z to cast anyway.)
You can't see any susceptible monsters within range! (Use Z to cast anyway.)
You can't see any susceptible monsters within range! (Use Z to cast anyway.)
You can't see any susceptible monsters within range! (Use Z to cast anyway.)
You can't see any susceptible monsters within range! (Use Z to cast anyway.)
Things that are here:
a +0 giant club; a +0 giant club
Things that are here:
a +0 shortbow; 16 arrows A human comes into view.
It is wielding a +0 mace.
A human is nearby!
The human shouts!
You hear a shout!
Casting: Stone Arrow (safe; 1% risk of failure)
Confirm with . or Enter, or press ? or * to list all spells.
Aiming: Stone Arrow (safe; 1% risk of failure)
Press: ? - help, Shift-Dir - straight line, f - human
Aim: a human, wielding a +0 mace and wearing a +0 leather armour (67% to hit)
The stone arrow hits the human!!
The human is severely wounded.
Casting: Stone Arrow (safe; 1% risk of failure)
Confirm with . or Enter, or press ? or * to list all spells.
Aiming: Stone Arrow (safe; 1% risk of failure)
Press: ? - help, Shift-Dir - straight line, f/p - human
Aim: a human, wielding a +0 mace and wearing a +0 leather armour (severely wounded, 67% to hit)
The stone arrow hits the human!
You kill the human!
Sif Muna accepts your kill.
A human comes into view. It is wielding a +0 club.
Your Transmutations skill increases to level 2!
A human is nearby!
A human is nearby!
Casting: Stone Arrow (safe; 1% risk of failure)
Confirm with . or Enter, or press ? or * to list all spells.
Aiming: Stone Arrow (safe; 1% risk of failure)
Press: ? - help, Shift-Dir - straight line, f - human
Aim: a human, wielding a +0 club and wearing a +0 animal skin (wandering, hasn't noticed you, 67% to hit)
The stone arrow hits the human!
The human is heavily wounded.
The blast of sand hits the human!
The human is almost dead.
The human barely misses you.
The blast of sand hits the human!!
You kill the human!
Sif Muna accepts your kill.
A human comes into view. It is wielding a +0 flail.
A human is nearby!
A human is nearby!
A human is nearby!
The human shouts!
A human is nearby!
The blast of sand hits the human but does no damage.
The blast of sand misses the human.
The blast of sand hits the human!
The human is moderately wounded.
The human hits you with a +0 flail!
A human comes into view. It is wielding a +0 club.
Casting: Sandblast (safe; 1% risk of failure)
Confirm with . or Enter, or press ? or * to list all spells.
Aiming: Stone Arrow (safe; 1% risk of failure)
Press: ? - help, Shift-Dir - straight line, f/p - human
Aim: a human, wielding a +0 flail and wearing a +0 scale mail (moderately wounded, 70% to hit)
The stone arrow hits the human!
The human is almost dead.
The human misses you.
Casting: Stone Arrow (safe; 1% risk of failure)
Confirm with . or Enter, or press ? or * to list all spells.
Aiming: Stone Arrow (safe; 1% risk of failure)
Press: ? - help, Shift-Dir - straight line, f/p - human
Aim: a human, wielding a +0 flail and wearing a +0 scale mail (almost dead, 70% to hit)
The stone arrow hits the human!!
You kill the human!
Sif Muna accepts your kill.
Casting: Stone Arrow (safe; 1% risk of failure)
Confirm with . or Enter, or press ? or * to list all spells.
Aiming: Stone Arrow (safe; 1% risk of failure)
Press: ? - help, Shift-Dir - straight line, f - human
Aim: a human, wielding a +0 club and wearing a +0 animal skin (67% to hit)
The stone arrow misses the human.
Casting: Stone Arrow (safe; 1% risk of failure)
Confirm with . or Enter, or press ? or * to list all spells.
Aiming: Stone Arrow (safe; 1% risk of failure)
Press: ? - help, Shift-Dir - straight line, f/p - human
Aim: a human, wielding a +0 club and wearing a +0 animal skin (67% to hit)
The stone arrow hits the human!
The human is heavily wounded.
* * * LOW MAGIC WARNING * * *
The human closely misses you.
Casting: Stone Arrow (safe; 1% risk of failure)
Confirm with . or Enter, or press ? or * to list all spells.
You don't have enough magic to cast this spell.
Unknown command.
The blast of sand hits the human!
The human is severely wounded.
* * * LOW MAGIC WARNING * * *
The human closely misses you.
The blast of sand hits the human!!
You kill the human!
Sif Muna accepts your kill.
* * * LOW MAGIC WARNING * * *
Key pressed, stopping explore.
You now have 583 gold pieces (gained 13).
Items here: ))) [[[ †.
Things that are here:
a +0 mace; a +0 leather armour; a human corpse A gargoyle comes into view.
It is wielding a +0 mace.
Found a stone staircase leading up.
Things that are here:
a +0 mace; a +0 leather armour; a human corpse
Items here: ))) [[[ †.
There is a stone staircase leading up here.
Casting: Sandblast (safe; 1% risk of failure)
Confirm with . or Enter, or press ? or * to list all spells.
Aiming: Stone Arrow (safe; 1% risk of failure)
Press: ? - help, Shift-Dir - straight line, f - gargoyle
Aim: a gargoyle, wielding a +0 mace (89% to hit)
The stone arrow hits the gargoyle.
The gargoyle is lightly damaged.
The gargoyle hurls a stone arrow at you.
The stone arrow hits you!
Casting: Stone Arrow (safe; 1% risk of failure)
Confirm with . or Enter, or press ? or * to list all spells.
Aiming: Stone Arrow (safe; 1% risk of failure)
Press: ? - help, Shift-Dir - straight line, f/p - gargoyle
Aim: a gargoyle, wielding a +0 mace (lightly damaged, 89% to hit)
The stone arrow misses the gargoyle.
Casting: Stone Arrow (safe; 1% risk of failure)
Confirm with . or Enter, or press ? or * to list all spells.
Aiming: Stone Arrow (safe; 1% risk of failure)
Press: ? - help, Shift-Dir - straight line, f/p - gargoyle
Aim: a gargoyle, wielding a +0 mace (lightly damaged, 89% to hit)
The stone arrow hits the gargoyle!!
The gargoyle is severely damaged.
Casting: Stone Arrow (safe; 1% risk of failure)
Confirm with . or Enter, or press ? or * to list all spells.
Aiming: Stone Arrow (safe; 1% risk of failure)
Press: ? - help, Shift-Dir - straight line, f/p - gargoyle
Aim: a gargoyle, wielding a +0 mace (severely damaged, 89% to hit)
The stone arrow misses the gargoyle.
The gargoyle hurls a stone arrow at you.
The stone arrow hits you!
Casting: Stone Arrow (safe; 1% risk of failure)
Confirm with . or Enter, or press ? or * to list all spells.
Aiming: Stone Arrow (safe; 1% risk of failure)
Press: ? - help, Shift-Dir - straight line, f/p - gargoyle
Aim: a gargoyle, wielding a +0 mace (severely damaged, 89% to hit)
The stone arrow hits the gargoyle but does no damage.
The gargoyle is severely damaged.
Casting: Stone Arrow (safe; 1% risk of failure)
Confirm with . or Enter, or press ? or * to list all spells.
Aiming: Stone Arrow (safe; 1% risk of failure)
Press: ? - help, Shift-Dir - straight line, f/p - gargoyle
Aim: a gargoyle, wielding a +0 mace (severely damaged, 89% to hit)
The stone arrow hits the gargoyle.
The gargoyle is almost destroyed.
The gargoyle closely misses you.
The blast of sand hits the gargoyle but does no damage.
The gargoyle is almost destroyed.
The gargoyle closely misses you.
The blast of sand hits the gargoyle but does no damage.
The gargoyle is almost destroyed.
* * * LOW MAGIC WARNING * * *
The gargoyle hurls a stone arrow at you.
The stone arrow hits you!!
Casting: Sandblast (safe; 1% risk of failure)
Confirm with . or Enter, or press ? or * to list all spells.
Aiming: Stone Arrow (safe; 1% risk of failure)
Press: ? - help, Shift-Dir - straight line, f/p - gargoyle
Aim: a gargoyle, wielding a +0 mace (almost destroyed, 89% to hit)
The stone arrow misses the gargoyle.
* * * LOW MAGIC WARNING * * *
The gargoyle hurls a stone arrow at you.
The stone arrow hits you!
* * * LOW HITPOINT WARNING * * *
Casting: Stone Arrow (safe; 1% risk of failure)
Confirm with . or Enter, or press ? or * to list all spells.
You don't have enough magic to cast this spell.
Unknown command.
Aiming: Throw Flame
Press: ? - help, Shift-Dir - straight line, f/p - gargoyle
Aim: a gargoyle, wielding a +0 mace (almost destroyed, 85% to hit)
The puff of flame hits the gargoyle but does no damage.
The gargoyle is almost destroyed.
The gargoyle hits you with a +0 mace!
* * * LOW HITPOINT WARNING * * *
Aiming: Throw Flame
Press: ? - help, Shift-Dir - straight line, f/p - gargoyle
Aim: a gargoyle, wielding a +0 mace (almost destroyed, 85% to hit)
The puff of flame hits the gargoyle but does no damage.
The gargoyle is almost destroyed.
The gargoyle hits you with a +0 mace!
You die...

#...##########.............#
#...# #.......>..#.. #...#
#...)........#
#...##########..........###
######..............)........#
.............................#
.............................#
#.###########...)9...........#
#.# #...@....).......#
#.###########................#
.............................
.............................
#####........................
#.#######...############. #.#
#...# #.# #...# #####.#
#...########


You could see a gargoyle.

Vanquished Creatures
  A two-headed ogre (D:10)
  8 yaks
  2 wraiths
  6 humans (D:10)
  4 wyverns
  Edmund (D:5)
  A water moccasin (D:9)
  A sky beast (D:6)
  A black bear (D:8)
  3 orc warriors
  3 ogres
  2 necrophages
  3 centaurs
  A phantom (D:5)
  7 bullfrogs
  2 kobold brigands
  2 gnoll sergeants (D:9)
  A wyvern zombie (D:8)
  4 scorpions
  5 killer bees (D:8)
  7 wights
  A howler monkey (D:6)
  4 centaur zombies
  A hound (D:5)
  3 jellies
  A bullfrog skeleton (D:4)
  5 orc priests
  3 iguanas
  A gnoll shaman (D:8)
  7 orc wizards
  A howler monkey zombie (D:6)
  17 gnolls
  7 adders
  A shadow imp (D:4)
  2 white imps
  A worm (D:5)
  22 orcs
  6 endoplasms
  2 giant cockroaches
  5 goblins
  7 hobgoblins
  19 kobolds
  5 quokkas
  10 ball pythons
  2 bats (D:3)
  6 frilled lizards
  2 rats (D:1)
206 creatures vanquished.

Vanquished Creatures (others)
  A human (D:6)
  32 fungi (D:9)
  30 plants
63 creatures vanquished.

Grand Total: 269 creatures vanquished

Notes
Turn   | Place    | Note
-------+----------+-------------------------------------------
     0 | D:1      | sleeves the Human Earth Elementalist began the quest for
                  | the Orb.
     0 | D:1      | Reached XP level 1. HP: 13/13 MP: 3/3
   258 | D:1      | Reached XP level 2. HP: 19/19 MP: 5/5
   310 | D:1      | HP: 9/19 [hobgoblin (5)]
  1259 | D:2      | Reached skill level 4 in Earth Magic
  1259 | D:2      | Reached XP level 3. HP: 24/24 MP: 4/6
  2160 | D:2      | Reached XP level 4. HP: 30/30 MP: 7/7
  2219 | D:2      | Learned a level 3 spell: Stone Arrow
  2722 | D:3      | Reached skill level 5 in Earth Magic
  3789 | D:3      | Found a faded altar of an unknown god.
  3954 | D:4      | Reached XP level 5. HP: 33/35 MP: 5/8
  4400 | D:4      | Noticed a water moccasin
  4555 | D:4      | Reached skill level 6 in Earth Magic
  4670 | D:5      | Entered Level 5 of the Dungeon
  4673 | D:5      | Noticed an ogre
  4688 | D:5      | Reached XP level 6. HP: 41/41 MP: 2/9
  5031 | D:5      | Killed an ogre
  5032 | D:5      | Reached skill level 7 in Earth Magic
  5032 | D:5      | Reached XP level 7. HP: 46/46 MP: 4/10
  5204 | D:5      | Noticed a water moccasin
  5280 | D:5      | Noticed Edmund
  5412 | D:5      | HP: 20/42 [Edmund (3)]
  5550 | D:6      | Found an ancient bone altar of Kikubaaqudgha.
  5658 | D:6      | Reached skill level 8 in Earth Magic
  5813 | D:6      | Reached skill level 1 in Conjurations
  5923 | D:6      | Reached skill level 2 in Conjurations
  5923 | D:6      | Reached XP level 8. HP: 52/52 MP: 4/12
  6047 | D:6      | Reached skill level 3 in Spellcasting
  6092 | D:6      | Found a shimmering blue altar of Sif Muna.
  6156 | D:6      | Became a worshipper of Sif Muna the Loreminder
  6238 | D:5      | Reached skill level 3 in Conjurations
  6243 | D:6      | HP: 22/48 [wight (5)]
  6244 | D:6      | HP: 10/46 [wight (2)]
  6265 | D:6      | HP: 21/46 [wight (14)]
  6365 | D:6      | Reached skill level 4 in Spellcasting
  6365 | D:6      | Reached skill level 9 in Earth Magic
  6575 | D:6      | Noticed a human
  6576 | D:6      | Killed a human
  6654 | D:5      | Found a staircase to the Ecumenical Temple.
  6717 | D:5      | Reached skill level 4 in Conjurations
  6717 | D:5      | Reached XP level 9. HP: 46/57 MP: 11/15
  6814 | D:5      | HP: 23/57 [centaur/arrow (13)]
  6927 | D:5      | HP: 23/53 [Edmund (10)]
  6928 | D:5      | Killed Edmund
  6933 | D:5      | HP: 26/57 [centaur zombie (1)]
  7082 | D:5      | Reached skill level 5 in Spellcasting
  7450 | D:7      | Reached * piety under Sif Muna
  7451 | D:7      | Reached skill level 5 in Conjurations
  7722 | D:7      | Found a white marble altar of Elyvilon.
  8156 | D:7      | HP: 19/57 [orc warrior (18)]
  8560 | D:8      | Reached skill level 10 in Earth Magic
  8587 | D:8      | Reached skill level 6 in Spellcasting
  8587 | D:8      | Reached skill level 6 in Conjurations
  8587 | D:8      | Reached XP level 10. HP: 63/63 MP: 9/19
  9438 | D:8      | Found a hide-covered altar of Uskayaw.
  9441 | D:8      | Reached ** piety under Sif Muna
  9590 | D:8      | Reached skill level 7 in Conjurations
  9940 | D:8      | Reached skill level 7 in Spellcasting
 10142 | D:9      | Found a staircase to the Orcish Mines.
 10423 | D:9      | Reached skill level 11 in Earth Magic
 10637 | D:9      | Noticed a white ugly thing
 10686 | D:9      | Reached XP level 11. HP: 65/68 MP: 7/22
 10769 | D:9      | Learned a level 2 spell: Passwall
 10841 | D:10     | Entered Level 10 of the Dungeon
 10934 | D:9      | Reached skill level 8 in Conjurations
 11152 | D:9      | Found a staircase to the Lair.
 11212 | D:9      | Found a glowing golden altar of the Shining One.
 11602 | D:10     | Reached skill level 8 in Spellcasting
 11840 | D:10     | Noticed a two-headed ogre
 11847 | D:10     | Learned a level 4 spell: Passage of Golubria
 11883 | D:10     | Killed a two-headed ogre
 11960 | D:10     | Reached skill level 2 in Transmutations
 12157 | D:10     | HP: 20/68 [gargoyle/stone arrow (16)]
 12158 | D:10     | HP: 5/68 [gargoyle (17)]
 12159 | D:10     | Slain by a gargoyle

Illustrated notes

Levels and vault maps discovered:
D:1:      dpeg_arrival_simpleton_a, layout_basic
D:2:      layout_basic, minmay_hexomino_p4
D:3:      layout_loops_ring, shapermc_ecumenical_altar_petra,
          chequers_serial_rivers_micro_d
D:4:      layout_basic, serial_curves, eino_curves_01, eino_curves_02,
          eino_curves_01, serial_bayou_pond_b, minmay_quadrilaterals
D:5:      layout_rooms, minmay_temple_entry_proselytizer, uniq_edmund
D:6:      layout_cave_pools, tgw_kikubaaqudgha,
          mainiacjoe_overflow_small_starburst
D:7:      layout_gridville, elyvilon_altar_1
D:8:      layout_rooms, nicolae_uskayaw_dance_studio, hex_large
D:9:      layout_gridville, amcnicky_altar_gilded, due_lair_maze_entry_diamond,
          orc_0_dummy
D:10:     layout_long_grid, grunt_qazlal_sundering, minmay_ruffians,
          uniq_erolcha

Skill      XL: |  1  2  3  4  5  6  7  8  9 10 11 |
---------------+----------------------------------+-----
Earth Magic    | 4 5 6 7 8 9 10 11 | 11.7
Conjurations   | 2 4 6 7 8 |  8.7
Spellcasting   | 4 6 7 8 |  8.3
Transmutations | 2 |  2.2
Dodging        | |  2.0
Stealth        | |  2.0

Action                   |  1- 3 |  4- 6 |  7- 9 | 10-12 || total
-------------------------+-------+-------+-------+-------++-------
Melee: Mace              |    59 |   111 |       |       ||   170
       Short sword       |       |       |     9 |     3 ||    12
       Spear             |       |       |       |    10 ||    10
 Cast: Sandblast         |    12 |    51 |   104 |    56 ||   223
       Stone Arrow       |       |     1 |    38 |   112 ||   151
Evoke: Wand              |       |       |       |     2 ||     2
  Use: Scroll            |       |     1 |       |     8 ||     9
 Stab: Sleeping          |     7 |     4 |       |       ||    11
       Distracted        |       |     1 |       |       ||     1
Armor: Robe              |    16 |    56 |    19 |    29 ||   120
Dodge: Dodged            |    31 |    98 |    49 |    29 ||   207

Table legend: (Time is in decaauts)
 A = Elapsed time spent in this place.
 B = Non-inter-level travel time spent in this place.
 C = Inter-level travel time spent in this place.
 D = Time resting spent in this place.
 E = Time spent auto-exploring this place.
 F = Levels seen in this place.
 G = Mean time per level.
                   A        B        C        D        E       F      G
               +--------+--------+--------+--------+--------+-----+--------+
         Total |  12260 |  11415 |    845 |   1012 |   8081 |  10 | 1226.0 |
       Dungeon |  12260 |  11415 |    845 |   1012 |   8081 |  10 | 1226.0 |
               +--------+--------+--------+--------+--------+-----+--------+

Top non-repeatable levels by time:
     D:8: 1766 daAuts
     D:7: 1408 daAuts
     D:2: 1408 daAuts
     D:3: 1368 daAuts
     D:4: 1236 daAuts
     D:6: 1217 daAuts
     D:1: 1180 daAuts
     D:9: 1121 daAuts
     D:5: 890 daAuts
    D:10: 662 daAuts
